 Dungeon Sprint DCSS version 0.20-a0-270-g8e735b6 (webtiles) character file.

0 jerryfan the Chiller (level 1, 0/14 HPs)
             Began as a Draconian Ice Elementalist on Dec 9, 2016.
             Was an Initiate of Vehumet.
             Slain by an ufetubus (4 damage)
             ... in the Dungeon (Sprint VII: "The Pits").
             The game lasted 00:00:28 (71 turns).

jerryfan the Chiller (Draconian Ice Elementalist)     Turns: 71, Time: 00:00:29

Health: 0/14       AC:  4    Str: 10    XL:     1   Next: 8%
Magic:  0/3        EV: 12    Int: 15    God:    Vehumet [......]
Gold:   0          SH:  0    Dex: 11    Spells: 3/4 levels left

rFire  . . .     SeeInvis .     q - staff of energy
rCold  . . .     Gourm    .     (armour unavailable)
rNeg   . . .     Faith    .     (no shield)
rPois  .         Spirit   .     (helmet restricted)
rElec  .         Reflect  .     (no cloak)
rCorr  .         Harm     .     (no gloves)
MR     .....     NoTele   +     (no boots)
Stlth  ++........               (no amulet)
                                (no ring)
                                (no ring)

@: no status effects
A: unfitting armour, cold-blooded, AC +4
a: Renounce Religion


You were in the Dungeon.
You worshipped Vehumet.
Vehumet was noncommittal.
You were not hungry.

You visited 1 branch

Inventory:

Missiles
 p - 10 stones (quivered)
Magical Staves
 q - an uncursed staff of energy (weapon)
Scrolls
 h - a scroll of blinking
 j - 3 scrolls of remove curse
 k - 5 scrolls of amnesia
 l - a scroll of summoning
 o - 2 scrolls of vulnerability
Potions
 c - a potion of curing
 d - a potion of heal wounds
 e - a potion of haste
 f - 4 potions of magic
 g - 3 potions of berserk rage
 i - 2 potions of invisibility
Books
 a - a book of Frost

   Spells                             Type                      Level
   a - Freeze                         Ice                          1
   b - Throw Frost                    Conjuration/Ice              2
   c - Ozocubu's Armour               Charms/Ice                   3
   d - Throw Icicle                   Conjuration/Ice              4
   e - Summon Ice Beast               Ice/Summoning                4
Comestibles
 b - 8 bread rations
 m - 40 fruits
 n - 7 meat rations


   Skills:
 + Level 1.8 Dodging
 + Level 1.7 Stealth
 + Level 2.2 Spellcasting
   Level 1.0 Conjurations
 + Level 3.2 Ice Magic


You had 3 spell levels left.
You knew the following spells:

 Your Spells              Type           Power        Failure   Level  Hunger
a - Freeze                Ice            ##..         8%          1    None


Dungeon Overview and Level Annotations

Branches:
Dungeon (1/1)

Altars:
Cheibriados
Dithmenos
Elyvilon
Fedhas
Gozag
Hepliaklqana
Kikubaaqudgha
Nemelex Xobeh
Okawaru
Qazlal
Ru
Sif Muna
Trog
Uskayaw
Vehumet
Zin
The Shining One
Jiyva


Innate Abilities, Weirdness & Mutations

Your plain brown scales are hard. (AC +4)
You cannot fit into any form of body armour.
You are cold-blooded and may be slowed by cold attacks.


Message History

The ufetubus closely misses you.
The ufetubus hits you but does no damage.
Casting: Freeze
Confirm with . or Enter, or press ? or * to list all spells.
Aiming: Freeze
Press: ? - help, Shift-Dir - straight line, f/p - ufetubus
Aim: an ufetubus (heavily wounded)
You freeze the ufetubus.
The ufetubus completely resists.
The ufetubus is heavily wounded.
The ufetubus closely misses you. x2
Casting: Freeze
Confirm with . or Enter, or press ? or * to list all spells.
Aiming: Freeze
Press: ? - help, Shift-Dir - straight line, f/p - ufetubus
Aim: an ufetubus (heavily wounded)
You freeze the ufetubus.
The ufetubus resists.
The ufetubus is almost dead.
The ufetubus hits you but does no damage.
The ufetubus barely misses you. The ufetubus hits you.
You die...

######### ________#
________#
__#####'###########++
######)))#.##...........
#....')))'.##......#..#.
##########.##...........
#......@....'...........
#+#####5#####......#..#.
.J# #........... +..#
####'#####++ ####
#.......# #.......#
#.......# #...<...#
#.......#


You could see an ooze and an ufetubus.

Vanquished Creatures
  A frilled lizard (D)
1 creature vanquished.

Notes
Turn   | Place    | Note
-------+----------+-------------------------------------------
     0 | D        | jerryfan the Draconian Ice Elementalist began the quest for the Orb.
     0 | D        | Reached XP level 1. HP: 14/14 MP: 3/3
    50 | D        | Found a radiant altar of Vehumet.
    50 | D        | Found a hide-covered altar of Uskayaw.
    50 | D        | Found an ancient bone altar of Kikubaaqudgha.
    50 | D        | Found a viscous altar of Jiyva.
    50 | D        | Found a hazy altar of Hepliaklqana.
    51 | D        | Found a bloodstained altar of Trog.
    51 | D        | Found a deep blue altar of Sif Muna.
    51 | D        | Found a sacrificial altar of Ru.
    51 | D        | Found a stormy altar of Qazlal.
    51 | D        | Found an iron altar of Okawaru.
    51 | D        | Found a sparkling altar of Nemelex Xobeh.
    51 | D        | Found an opulent altar of Gozag.
    51 | D        | Found a blossoming altar of Fedhas.
    51 | D        | Found a white marble altar of Elyvilon.
    51 | D        | Found a shadowy altar of Dithmenos.
    51 | D        | Found a snail-covered altar of Cheibriados.
    52 | D        | Found a glowing golden altar of the Shining One.
    52 | D        | Found a glowing silver altar of Zin.
    53 | D        | Became a worshipper of Vehumet
    71 | D        | Slain by an ufetubus

Vault maps used:
D:        pitsprint

Action                   || total
-------------------------++-------
Melee: Staff             ||     6
       Unarmed           ||     6
       Tailslap          ||     2
 Cast: Freeze            ||     3
Armor: Skin              ||     9
Dodge: Dodged            ||    18
